AoeStats
← hablam

Pilgrims

507504383Analyzed
2v2 RM · 13d ago on Sep 18, 2026· 31m 49s· 4 players
Game mode
Random Map
Map size
Medium (4 player)
Population
200
Speed
Normal
Resources
Standard
Victory
Conquest
Starting age
Dark Age
Ending age
Imperial Age
RankedLock teamsTeams togetherTeam positionsShared explorationLock speedFull tech treeHidden civsTurbo modeCheats
Victory
Defeat
🇸🇪 Shu · Sweden
1307
+14
🇩🇪 Tupi · Germany
1137
+22
🇪🇸 Mapuche · Spain
1268
-18
🇪🇸 Wu · Spain
1257
-18
hablam
8:31 Loom
10:29 Feudal Age
11:18 Double-Bit Axe
17:27 Castle Age
15:35 Gold Mining
16:50 Fletching
17:00 Padded Archer Armor
19:49 Thumb Ring
22:55 Bodkin Arrow
24:55 Fishing Lines
25:46 Loom
27:17 Scale Barding Armor
27:22 Forging
32:02 Scale Mail Armor
SemperBlender
9:09 Loom
11:04 Feudal Age
13:23 Double-Bit Axe
16:49 Fletching
18:27 Wheelbarrow
20:48 Castle Age
19:29 Stone Mining
19:31 Gold Mining
20:43 Fishing Lines
22:06 Bodkin Arrow
22:17 Gillnets
23:42 Hand Cart
26:38 Padded Archer Armor
31:42 Imperial Age
29:55 Leather Archer Armor
31:57 Town Watch
ryzenvelos
6:46 Loom
10:57 Feudal Age
11:01 Man-at-Arms
19:31 Castle Age
17:43 Scale Mail Armor
18:29 Double-Bit Axe
19:31 Forging
20:52 Chain Mail Armor
24:25 Wheelbarrow
23:35 Town Watch
ruizcanela
3:18 Loom
11:20 Feudal Age
19:38 Castle Age
17:52 Double-Bit Axe
19:50 Fletching
20:01 Padded Archer Armor
23:27 Bodkin Arrow
Connection lost

Rejoining the realm…

Still unreachable

The connection could not be restored.

Session expired

The server has moved on; the page needs a fresh start.